 Dungeon Sprint DCSS version 0.26-a0-712-ga5a9c9c9d0 (webtiles) character file.

Game seed: 6585464685691191631

4020 tsouns the Carver (level 10, -14/91 HPs)
             Began as a Demonspawn Berserker on Nov 9, 2020.
             Was an Elder of Trog.
             Demolished by a catoblepas (15 damage)
             ... while petrified by you
             ... in the Dungeon (Sprint IX: "|||||||||||||||||||||||||||||").
             The game lasted 00:03:45 (1632 turns).

tsouns the Carver (Demonspawn Berserker)            Turns: 1632, Time: 00:03:46

Health: -14/91     AC:  9    Str: 20    XL:     10   Next: 3%
Magic:  3/3        EV:  2    Int:  9    God:    Trog [****..]
Gold:   11         SH:  0    Dex: 13    Spells: 9/9 levels left

rFire    . . .     SeeInvis .   s - +4 great sword (antimagic)
rCold    . . .     Faith    .   (shield currently unavailable)
rNeg     + + +     Spirit   .   q - +0 steam dragon scales
rPois    ∞         Reflect  .   (no helmet)
rElec    .         Harm     .   (no cloak)
rCorr    .         Rampage  .   (no gloves)
MR       .....     NoTele   +   m - +0 pair of boots
Stlth    ++........             (no amulet)
HPRegen  0.25/turn              o - +2 ring of evasion
MPRegen  0.08/turn              p - +2 ring of evasion

@: lethally poisoned (-14 -> -14), petrified
A: talons 1, yellow scales 1, powered by pain 3, MP-powered wands
a: Berserk, Trog's Hand, Brothers in Arms, Renounce Religion


You were in the Dungeon.
You worshipped Trog.
Trog was greatly pleased with you.
You visited 1 branch You collected 11 gold pieces.

Inventory:

Hand Weapons
 a - a +0 falchion
 l - a +2 scimitar of flaming
 s - a +4 antimagic great sword (weapon)
Armour
 b - a +0 animal skin
 m - a +0 pair of boots (worn)
 n - a +1 scale mail
 q - +0 steam dragon scales (worn)
Jewellery
 o - a +2 ring of evasion (left hand)
 p - a +2 ring of evasion (right hand)
Wands
 k - a wand of iceblast (10)
Scrolls
 h - 2 scrolls of blinking
 j - 4 scrolls of remove curse
 t - a scroll of identify
 v - 2 scrolls of enchant weapon
 w - 4 scrolls of fear
Potions
 c - 5 potions of curing
 d - 5 potions of heal wounds
 e - a potion of haste
 f - 4 potions of magic
 g - a potion of berserk rage
 i - a potion of invisibility
 r - 2 potions of resistance
Miscellaneous
 u - a condenser vane (2/2)


   Skills:
 + Level 12.9 Fighting
 + Level 14.4 Long Blades
 + Level 6.2 Armour
 + Level 8.4 Dodging
 + Level 3.3 Stealth


You had 9 spell levels left.
You didn't know any spells.
Your spell library was empty.

Dungeon Overview and Level Annotations

Branches:
Dungeon (1/1)

Altars:
Cheibriados
Dithmenos
Elyvilon
Fedhas
Gozag
Hepliaklqana
Kikubaaqudgha
Makhleb
Nemelex Xobeh
Okawaru
Qazlal
Ru
Sif Muna
Trog
Uskayaw
Vehumet
Wu Jian
Xom
Yredelemnul
Zin
The Shining One
Beogh
Jiyva
Lugonu


Innate Abilities, Weirdness & Mutations

You have sharp toenails.
You are partially covered in yellow scales. (AC +2)
You are powered by pain.
You expend magic power (3 MP) to strengthen your wands.


Message History

You are engulfed in calcifying dust.
The bullfrog is engulfed in calcifying dust. x2
The catoblepas gores you!!
The bullfrog is engulfed in calcifying dust.
A bullfrog comes into view.
You are engulfed in calcifying dust.
The catoblepas breathes a plume of calcifying dust at you.
The blast of calcifying dust hits you. The catoblepas gores you!!
* * * LOW HITPOINT WARNING * * *
The bullfrog gives a loud, deep croak!
The catoblepas gores you!
* * * LOW HITPOINT WARNING * * *
The catoblepas gores you!!
* * * LOW HITPOINT WARNING * * *
The cane toad croaks.
The catoblepas gores you!!
* * * LOW HITPOINT WARNING * * *
The catoblepas gores you!!
You die...

▓▓▓▓▓▓▓▓▓▓▓▓▓▓▓▓▓▓▓▓▓▓▓▓▓▓▓
.h...FFhFY@§÷§÷§÷..........
▓▓▓▓▓▓▓▓▓▓▓▓▓▓▓▓▓▓▓▓▓▓▓▓▓▓▓▓▓▓▓▓▓
.................................
▓▓▓▓▓▓▓▓▓▓▓▓▓▓▓▓▓▓▓▓▓▓▓▓▓▓▓▓▓▓▓▓▓
?.'________________________'.....
▓▓▓▓▓▓▓▓▓▓▓▓▓▓▓▓▓▓▓▓▓▓▓▓▓▓▓▓▓▓▓▓▓


You could see a catoblepas, a cane toad, a wolf and 2 bullfrogs.

Vanquished Creatures
  A hydra (D)
  A two-headed ogre (D)
  A cane toad (D)
  A gargoyle (D)
  A komodo dragon (D)
  A meliai (D)
  A yak (D)
  2 wyverns (D)
  2 basilisks (D)
  A wraith (D)
  A steam dragon (D)
  A black bear (D)
  A phantom (D)
  An ogre (D)
  5 bullfrogs (D)
  An orc wizard (D)
  An iguana (D)
  An adder (D)
  2 shadow imps (D)
  A leopard gecko (D)
  A bat zombie (D)
  A goblin (D)
  A hobgoblin (D)
  A frilled lizard (D)
  A giant cockroach zombie (D)
  A rat (D)
33 creatures vanquished.

Vanquished Creatures (collateral kills)
  A cane toad (D)
1 creature vanquished.

Grand Total: 34 creatures vanquished

Notes
Turn   | Place    | Note
-------+----------+-------------------------------------------
     0 | D        | tsouns the Demonspawn Berserker began the quest for the
                  | Orb.
     0 | D        | Reached XP level 1. HP: 18/18 MP: 1/1
     9 | D        | Reached skill level 3 in Long Blades
    13 | D        | Reached ** piety under Trog
   248 | D        | Noticed an iguana
   248 | D        | Noticed a phantom
   259 | D        | Reached *** piety under Trog
   259 | D        | Gained mutation: You are partially covered in yellow
                  | scales. (AC +2) [demonic ancestry]
   259 | D        | Reached XP level 2. HP: 18/25 MP: 2/2
   261 | D        | Killed a phantom
   261 | D        | Reached skill level 5 in Long Blades
   261 | D        | Gained mutation: You sometimes gain a little power by
                  | taking damage. [demonic ancestry]
   261 | D        | Reached XP level 3. HP: 26/34 MP: 3/3
   261 | D        | Gained mutation: You sometimes gain power by taking damage.
                  | [demonic ancestry]
   261 | D        | Reached XP level 4. HP: 30/40 MP: 4/4
   265 | D        | Reached skill level 6 in Long Blades
   444 | D        | Found a roughly hewn altar of Beogh.
   444 | D        | Found a snail-covered altar of Cheibriados.
   444 | D        | Found a shadowy altar of Dithmenos.
   444 | D        | Found a white marble altar of Elyvilon.
   444 | D        | Found a blossoming altar of Fedhas.
   444 | D        | Found an opulent altar of Gozag.
   445 | D        | Found a hazy altar of Hepliaklqana.
   446 | D        | Found a viscous altar of Jiyva.
   447 | D        | Found an ancient bone altar of Kikubaaqudgha.
   448 | D        | Found a corrupted altar of Lugonu.
   449 | D        | Found a burning altar of Makhleb.
   450 | D        | Found a sparkling altar of Nemelex Xobeh.
   451 | D        | Found an iron altar of Okawaru.
   452 | D        | Found a stormy altar of Qazlal.
   453 | D        | Found a sacrificial altar of Ru.
   454 | D        | Found a shimmering blue altar of Sif Muna.
   455 | D        | Found a bloodstained altar of Trog.
   456 | D        | Found a hide-covered altar of Uskayaw.
   457 | D        | Found a radiant altar of Vehumet.
   458 | D        | Found an ornate altar of the Wu Jian Council.
   459 | D        | Found a shimmering altar of Xom.
   460 | D        | Found a basalt altar of Yredelemnul.
   461 | D        | Found a glowing silver altar of Zin.
   462 | D        | Found a glowing golden altar of the Shining One.
   509 | D        | Noticed a wraith
   509 | D        | Noticed a two-headed ogre
   509 | D        | Noticed a steam dragon
   513 | D        | Reached **** piety under Trog
   513 | D        | Gained mutation: You have sharp toenails. [demonic
                  | ancestry]
   513 | D        | Reached XP level 5. HP: 47/47 MP: 5/5
   516 | D        | Killed a two-headed ogre
   516 | D        | Reached skill level 10 in Fighting
   516 | D        | Reached skill level 10 in Long Blades
   516 | D        | Reached skill level 5 in Dodging
   516 | D        | Reached skill level 1 in Stealth
   516 | D        | Reached XP level 6. HP: 60/60 MP: 6/6
   516 | D        | Gained mutation: You are powered by pain. [demonic
                  | ancestry]
   516 | D        | Reached XP level 7. HP: 66/66 MP: 7/7
   523 | D        | Killed a steam dragon
   523 | D        | Reached skill level 5 in Armour
   530 | D        | Killed a wraith
   530 | D        | Reached skill level 11 in Long Blades
   530 | D        | Reached XP level 8. HP: 36/73 MP: 8/8
   531 | D        | Reached ***** piety under Trog
   582 | D        | Noticed a meliai
   582 | D        | Noticed a gargoyle
   918 | D        | Killed a gargoyle
   918 | D        | Reached skill level 12 in Long Blades
   922 | D        | Killed a meliai
   922 | D        | Reached XP level 9. HP: 35/81 MP: 9/9
  1330 | D        | Gained mutation: You are agile. (Dex +2) [potion of
                  | mutation]
  1330 | D        | Gained mutation: You expend magic power (3 MP) to
                  | strengthen your wands. [potion of mutation]
  1331 | D        | Lost mutation: You expend magic power (3 MP) to strengthen
                  | your wands. [potion of mutation]
  1331 | D        | Lost mutation: You are agile. (Dex +2) [potion of mutation]
  1331 | D        | Gained mutation: You expend magic power (3 MP) to
                  | strengthen your wands. [potion of mutation]
  1332 | D        | Noticed a five-headed hydra
  1332 | D        | Noticed a komodo dragon
  1341 | D        | Received a gift from Trog
  1347 | D        | Killed a komodo dragon
  1347 | D        | Reached skill level 13 in Long Blades
  1350 | D        | Killed a three-headed hydra
  1358 | D        | Reached skill level 14 in Long Blades
  1359 | D        | Noticed a cane toad
  1371 | D        | Killed a cane toad
  1595 | D        | Noticed a cane toad
  1595 | D        | Noticed a cane toad
  1596 | D        | Noticed a catoblepas
  1617 | D        | Killed a cane toad
  1617 | D        | Reached XP level 10. HP: 57/91 MP: 3/10
  1631 | D        | HP: 1/91 [catoblepas (12)]
  1632 | D        | Demolished by a catoblepas

Illustrated notes

Levels and vault maps discovered:
D:        linesprint [early_d, line_temple, items_1, d_10, items_2, lair_1,
          lair_end, items_3, orc_1, orc_end, items_4, d_15, swamp_1, shoals_1,
          snake_1, spider_1, d_20, vaults_1, items_5, swamp_end, shoals_end,
          snake_end, spider_end, vaults_end, d_27, items_6, zot_1, zot_end,
          crypt_end, forest_end, elf_end, slime_end, tomb_end, abyss_end,
          pan_hell_end]

Skill      XL: |  1  2  3  4  5  6  7  8  9 |
---------------+----------------------------+-----
Long Blades    | 3 5 6 10 11 12 14 | 14.4
Dodging        | 2 3 5 6 7 8 |  8.4
Armour         | 2 3 4 5 6 |  6.2
Fighting       | 4 6 10 11 12 | 12.9
Stealth        | 1 2 3 |  3.3

Action                   |  1- 3 |  4- 6 |  7- 9 | 10-12 || total
-------------------------+-------+-------+-------+-------++-------
Melee: Falchion          |    28 |     4 |       |       ||    32
       Scimitar          |       |     6 |    66 |       ||    72
       Great sword       |       |       |       |     4 ||     4
Invok: Berserk           |     1 |     1 |     2 |       ||     4
       Brothers in Arms  |       |       |     3 |     1 ||     4
       Trog's Hand       |       |       |     1 |       ||     1
  Use: Potion            |       |       |     2 |       ||     2
Armor: Animal skin       |    10 |       |       |       ||    10
       Scale mail        |       |     1 |     4 |       ||     5
       Steam dragon scal |       |       |     7 |     1 ||     8
Dodge: Dodged            |    13 |     5 |    34 |     3 ||    55
       Rpst.: Falchion   |     4 |       |       |       ||     4
       Scimitar          |       |     2 |     5 |       ||     7
       Great sword       |       |       |       |     1 ||     1

Table legend: (Time is in decaauts)
 A = Elapsed time spent in this place.
 B = Non-inter-level travel time spent in this place.
 C = Inter-level travel time spent in this place.
 D = Time resting spent in this place.
 E = Time spent auto-exploring this place.
 F = Levels seen in this place.
 G = Mean time per level.
                   A        B        C        D        E       F      G
               +--------+--------+--------+--------+--------+-----+--------+
         Total |   1659 |   1659 |      0 |   1256 |    112 |   1 | 1659.0 |
       Dungeon |   1659 |   1659 |      0 |   1256 |    112 |   1 | 1659.0 |
               +--------+--------+--------+--------+--------+-----+--------+

Top non-repeatable levels by time:
       D: 1659 daAuts
